 Dungeon Crawl Stone Soup version 0.24-a0-459-g225fefd (webtiles) character file.

Game seed: 6018411492554198366

1642 CanOfBees the Caller (level 8, -7/48 HPs)
             Began as a Tengu Summoner on July 1, 2019.
             Was an Initiate of Sif Muna.
             Mangled by a hippogriff (8 damage)
             ... on level 7 of the Dungeon.
             The game lasted 00:28:46 (12734 turns).

CanOfBees the Caller (Tengu Summoner)              Turns: 12734, Time: 00:28:47

Health: -7/48      AC:  2    Str: 10    XL:     8   Next: 99%
Magic:  9/16       EV: 15    Int: 16    God:    Sif Muna [......]
Gold:   265        SH:  6    Dex: 15    Spells: 3/17 levels left

rFire    . . .     SeeInvis .   k - +3 flail (venom)
rCold    + . .     Gourm    .   p - +1 buckler
rNeg     . . .     Faith    .   r - +0 robe {rC+}
rPois    +         Spirit   .   (helmet restricted)
rElec    .         Reflect  .   (no cloak)
rCorr    .         Harm     .   (no gloves)
MR       .....                  (boots unavailable)
Stlth    ++........             i - amulet of rage
HPRegen  0.16/turn              B - ring of poison resistance
MPRegen  0.15/turn              (no ring)

@: lethally poisoned (-7 -> -8), flying quickly and evasively, drained, quick
A: beak, talons 3, able to fly
a: Stop Flying, Renounce Religion, Evoke Berserk Rage


You were on level 7 of the Dungeon.
You worshipped Sif Muna.
Sif Muna was noncommittal.
You were not hungry.

You visited 2 branches of the dungeon, and saw 8 of its levels.

You collected 265 gold pieces.

Inventory:

Hand Weapons
 a - a +0 trident
 b - a +0 halberd
 k - a +3 flail of venom (weapon)
 s - a +1 scythe of slicing
 w - a +2 whip of electrocution
Missiles
 g - 8 sling bullets
 h - 2 boomerangs
 n - 215 stones
 o - 70 arrows
 C - 6 poisoned darts (quivered)
 D - 21 bolts
Armour
 p - a +1 buckler (worn)
 r - a +0 robe of cold resistance (worn)
 t - a +4 chain mail of fire resistance
 u - +0 shadow dragon scales
 x - a +0 robe
 A - a +2 large shield of resistance
Jewellery
 i - an amulet of rage (around neck)
 B - a ring of poison resistance (left hand)
Wands
 e - a wand of random effects (4)
Scrolls
 f - 2 scrolls of remove curse
 l - a scroll of teleportation
 v - a scroll of blinking {unknown}
 y - a scroll of noise
Potions
 d - 8 potions of curing
 q - 2 potions of haste
 z - a potion of might
 E - 2 potions of ambrosia {unknown}
Comestibles
 c - 9 rations


   Skills:
 + Level 4.5(3.7) Fighting
 - Level 3.1(2.3) Polearms
 - Level 3.0(2.2) Dodging
 - Level 2.0(1.2) Stealth
 - Level 4.3(3.5) Shields
 + Level 5.0(4.2) Spellcasting
 + Level 7.6(6.7) Summonings
 - Level 3.0(2.2) Ice Magic
 + Level 0.4(0.0) Invocations


You had 3 spell levels left.
You knew the following spells:

 Your Spells              Type           Power        Failure   Level  Hunger
a - Summon Small Mammal   Summ           ###.         1%          1    None
b - Call Imp              Summ           ###.....     1%          2    ##.....
c - Call Canine Familiar  Summ           ###.....     3%          3    ###....
d - Summon Lightning Spi  Summ/Air       ##......     41%         4    ####...
e - Summon Ice Beast      Ice/Summ       ###.....     26%         4    ####...

Your spell library contained the following spells:

 Spells                   Type           Power        Failure   Level  Hunger
 Summon Guardian Golem    Hex/Summ       ##......     13%         3    ###....


Dungeon Overview and Level Annotations

Branches:
Dungeon (7/15)             Temple (1/1) D:7

Altars:
Ashenzari
Cheibriados
Dithmenos
Elyvilon
Fedhas
Gozag
Hepliaklqana
Kikubaaqudgha
Makhleb
Okawaru
Qazlal
Ru
Sif Muna
Trog
Uskayaw
Vehumet
Wu Jian
Xom
Yredelemnul
Zin
The Shining One


Innate Abilities, Weirdness & Mutations

You have a beak for a mouth.
You have claws for feet.
You can fly continuously.


Message History

You swap places.
The hippogriff bites your crimson imp! The hippogriff pecks your crimson imp.
Your crimson imp dies!
You feel sick.
Your shadow imp disappears in a puff of smoke!
The hippogriff bites you! The hippogriff pecks you. The hippogriff claws you.
You hit the hippogriff.
The hippogriff is poisoned.
You claw the hippogriff.
The hippogriff is lightly wounded.
Your crimson imp blinks!
The hippogriff bites you!
* * * LOW HITPOINT WARNING * * *
You block the hippogriff's attack. The hippogriff claws you.
* * * LOW HITPOINT WARNING * * *
You hit the hippogriff.
The hippogriff looks as sick as possible!
The hippogriff is moderately wounded.
The hippogriff bites you.
* * * LOW HITPOINT WARNING * * *
The hippogriff pecks you!
You die...

**,** *,* *,,,.,,,****** *,* *,*
****.##** *,* *,* *..# **+** **,*
*#.# *,,,** *,,* #.# ,,,,,**
#**,** ####.###### * ,,,,,,**
##.#,* #.........#**
,,,,,,,**##....######.##....#.##.
,,,,,,,+,....5.H@§5§...........'.
,,,,,,,**.......#####.###...#.##,
,,,,,,***.##.#..* #.# #..##,#**
,,,,,** *,*#*#.!* #.###.###.# *
*,,,** *,***...** #.........#
**+** *,*,....,* #####.##### *,*
*,*.#...** #......# *,***
*,#.##..* #.#.##.# *,,,*
*,*,***,* #.#.##.##


You could see a hippogriff, a friendly iron imp and a friendly crimson imp.

Vanquished Creatures
  Sigmund (D:3)
  Eustachio (D:3)
  Edmund (D:3)
  2 slaves (D:4)
  A phantom (D:7)
  A bullfrog (D:6)
  A water moccasin zombie (D:3)
  2 scorpions
  A wight (D:6)
  A hound (D:5)
  An orc priest (D:3)
  2 worker ants
  2 hound zombies (D:4)
  A hound skeleton (D:4)
  A gnoll (D:4)
  3 adders
  An ooze (D:1)
  2 adder skeletons
  2 dart slugs
  12 orcs
  5 giant cockroaches
  A goblin (D:2)
  4 hobgoblins
  10 jackals
  A quokka (D:7)
  4 ball pythons
  A ball python zombie (D:6)
  9 bats
  3 frilled lizards
  A giant cockroach zombie (D:6)
  A jackal zombie (D:5)
  5 kobolds
  A quokka skeleton (D:4)
  7 rats
92 creatures vanquished.

Vanquished Creatures (collateral kills)
  Pikel (D:4)
  Grinder (D:5)
  2 slaves (D:4)
  An ogre (D:5)
  A bullfrog (D:6)
  A scorpion (D:6)
  3 wights
  A hound (D:6)
  A jelly (D:7)
  2 orc priests (D:3)
  4 orc wizards
  2 worker ants
  2 hound zombies
  A worker ant zombie (D:4)
  6 gnolls
  8 adders
  An ooze (D:2)
  A worm (D:3)
  A dart slug (D:1)
  4 leopard geckos
  10 orcs
  A giant cockroach (D:4)
  3 goblins
  11 hobgoblins
  2 jackals (D:5)
  A quokka (D:4)
  A ball python (D:3)
  7 bats
  A frilled lizard (D:2)
  5 kobolds
  A quokka zombie (D:7)
  6 rats
93 creatures vanquished.

Vanquished Creatures (others)
  3 plants (D:4)
  2 withered plants (D:4)
5 creatures vanquished.

Grand Total: 190 creatures vanquished

Notes
Turn   | Place    | Note
-------+----------+-------------------------------------------
     0 | D:1      | CanOfBees the Tengu Summoner began the quest for the Orb.
     0 | D:1      | Reached XP level 1. HP: 10/10 MP: 4/4
   226 | D:1      | Reached XP level 2. HP: 16/16 MP: 0/6
   261 | D:1      | Reached skill level 5 in Summonings
   268 | D:1      | Learned a level 2 spell: Call Imp
   827 | D:1      | Reached skill level 1 in Fighting
   927 | D:1      | Reached XP level 3. HP: 18/20 MP: 7/7
  1126 | D:1      | Learned a level 3 spell: Call Canine Familiar
  2112 | D:2      | Reached XP level 4. HP: 15/25 MP: 4/8
  2173 | D:2      | Reached skill level 1 in Polearms
  3293 | D:3      | Noticed Sigmund
  3415 | D:3      | Gained mutation: You can fly continuously. [Tengu growth]
  3415 | D:3      | Reached XP level 5. HP: 18/30 MP: 10/10
  3571 | D:3      | Reached skill level 1 in Shields
  3657 | D:3      | Found a shimmering altar of Xom.
  4064 | D:3      | Killed Sigmund
  4064 | D:3      | Reached XP level 6. HP: 25/35 MP: 7/11
  4928 | D:3      | Found a stormy altar of Qazlal.
  4998 | D:3      | Learned a level 4 spell: Summon Ice Beast
  5120 | D:4      | Noticed Eustachio
  5527 | D:4      | Noticed a slave
  5527 | D:4      | Noticed Edmund
  5571 | D:4      | Killed a slave
  5720 | D:3      | Killed Edmund
  5720 | D:3      | Reached skill level 6 in Summonings
  5720 | D:3      | Reached XP level 7. HP: 32/40 MP: 1/12
  6376 | D:3      | Killed Eustachio
  7339 | D:4      | Noticed Pikel
  8963 | D:5      | Entered Level 5 of the Dungeon
  9022 | D:5      | Found a hazy altar of Hepliaklqana.
  9131 | D:4      | Killed Pikel
  9131 | D:4      | Reached XP level 8. HP: 47/47 MP: 6/15
  9201 | D:4      | Learned a level 4 spell: Summon Lightning Spire
  9393 | D:5      | Noticed Grinder
  9431 | D:5      | Paralysed by Grinder for 7 turns
  9442 | D:5      | Killed Grinder
  9442 | D:5      | Reached skill level 7 in Summonings
  9442 | D:5      | Reached skill level 1 in Ice Magic
 10139 | D:6      | Got a pair of polished boots
 10510 | D:6      | Identified the +1 pair of boots of the Depths {rF+ Str+2
                  | Int+3} (You found it on level 6 of the Dungeon)
 10561 | D:6      | Found a shattered altar of Ashenzari.
 11914 | D:6      | Found a snail-covered altar of Cheibriados.
 11914 | D:6      | Found a bloodstained altar of Trog.
 12079 | D:7      | Found a staircase to the Ecumenical Temple.
 12089 | Temple   | Entered the Ecumenical Temple
 12231 | Temple   | Became a worshipper of Sif Muna the Loreminder
 12681 | D:7      | Reached skill level 5 in Spellcasting
 12710 | D:7      | Noticed a hippogriff
 12734 | D:7      | HP: 1/48 [hippogriff (4)]
 12734 | D:7      | Mangled by a hippogriff

Levels and vault maps discovered:
D:1:      dpeg_arrival_long_road, layout_loops_ring
D:2:      layout_loops_corners
D:3:      layout_basic, nicolae_qazlal_eye_of_the_storm, xom_teletrap_fun,
          cheibrodos_sewer_entry_drain, first_ration, uniq_sigmund
D:4:      cheibrodos_old_hovel, layout_loops_ring, serial_undead,
          serial_undead_f, serial_undead_f, serial_undead_e, serial_undead_a,
          uniq_pikel, uniq_eustachio, uniq_edmund
D:5:      layout_basic, basic_altar, uniq_grinder
D:6:      layout_loops_cross, overflow_temple_1_default,
          amethyst_overflow_temple_binary
D:7:      kennysheep_big_flooded_room, layout_loops_corners,
          lemuel_crystal_altar, minmay_temple_entry_nine_rooms, the_bakery
Temple:   regret_index_temple_sphere_string

Skill      XL: |  1  2  3  4  5  6  7  8 |
---------------+-------------------------+-----
Summonings     | 5 6 7 |  7.6
Fighting       | 1 2 3 4 |  4.5
Dodging        | 3 |  3.0
Polearms       | 1 2 3 |  3.1
Shields        | 2 3 4 |  4.3
Spellcasting   | 3 4 5 |  5.0
Ice Magic      | 3 |  3.0
Stealth        | |  2.0
Invocations    | |  0.4

Action                   |  1- 3 |  4- 6 |  7- 9 || total
-------------------------+-------+-------+-------++-------
Melee: Spear             |    48 |    66 |       ||   114
       Unarmed           |     2 |       |       ||     2
       Peck              |    10 |    11 |    19 ||    40
       Kick              |     7 |    12 |    36 ||    55
       Halberd           |    21 |    21 |       ||    42
       Short sword       |     5 |       |       ||     5
       Trident           |       |    24 |   190 ||   214
       Flail             |       |       |    10 ||    10
Throw: Stone             |     3 |     8 |       ||    11
       Boomerang         |       |     2 |    19 ||    21
       Dart              |       |       |     3 ||     3
 Cast: Summon Small Mamm |     7 |       |       ||     7
       Call Imp          |    20 |    33 |    47 ||   100
       Call Canine Famil |     1 |    21 |    25 ||    47
       Summon Ice Beast  |       |       |     7 ||     7
       Summon Lightning  |       |       |     1 ||     1
 Abil: Fly               |       |     1 |       ||     1
       Evoke Berserk Rag |       |     1 |       ||     1
Evoke: Wand              |       |       |    12 ||    12
  Use: Scroll            |     2 |     5 |    12 ||    19
       Potion            |       |     2 |     2 ||     4
 Stab: Sleeping          |     6 |     5 |     2 ||    13
       Distracted        |       |     5 |     3 ||     8
  Eat: Chunk             |     5 |    15 |    14 ||    34
       Ration            |       |       |     5 ||     5
Armor: Robe              |    16 |    17 |     9 ||    42
Dodge: Dodged            |    81 |    82 |   124 ||   287
Block: Buckler           |       |    17 |    63 ||    80

Table legend:
 A = Non-vault XP
 B = Vault XP
 C = Vault XP percentage of total XP
 D = Non-vault monster count
 E = Vault monster count
 F = Vault count percentage of total count
                 A         B        C        D         E       F
            +---------+---------+-------+---------+---------+-------
      Total |    1386 |     960 |  40.9 |     165 |      16 |   8.8
            +---------+---------+-------+---------+---------+-------
        D:1 |      35 |       0 |   0.0 |      23 |       0 |   0.0
        D:2 |     107 |       0 |   0.0 |      36 |       0 |   0.0
        D:3 |     250 |     379 |  60.3 |      45 |       6 |  11.8
        D:4 |     174 |     423 |  70.9 |      19 |       9 |  32.1
        D:5 |     237 |     158 |  40.0 |      23 |       1 |   4.2
        D:6 |     398 |       0 |   0.0 |      14 |       0 |   0.0
        D:7 |     185 |       0 |   0.0 |       5 |       0 |   0.0
            +---------+---------+-------+---------+---------+-------
